 Dungeon Crawl Stone Soup version 0.19.1-1-g22dce08 (webtiles) character file.

40 paradoxae the Cutter (level 3, -2/23 HPs)
             Began as a Kobold Berserker on Jan 4, 2017.
             Was a Believer of Trog.
             Slain by Crazy Yiuf
             ... wielding a +4 quarterstaff of chaos
              (3 damage)
             ... on level 2 of the Dungeon.
             The game lasted 00:04:42 (1790 turns).

paradoxae the Cutter (Kobold Berserker)             Turns: 1790, Time: 00:04:43

Health: -2/23      AC:  4    Str: 14    XL:     3   Next: 72%
Magic:  3/3        EV: 15    Int:  8    God:    Trog [**....]
Gold:   28         SH:  0    Dex: 15    Spells: 0 memorised, 2 levels left

rFire  . . .     SeeInvis .     a - +1 dagger (venom)
rCold  . . .     Gourm    .     g - +0 leather armour
rNeg   . . .     Faith    .     (shield restricted)
rPois  .         Spirit   .     (no helmet)
rElec  .         Reflect  .     f - +0 cloak (curse)
rCorr  .         Harm     .     (no gloves)
MR     .....                    (no boots)
Stlth  +.........               (no amulet)
                                (no ring)
                                (no ring)

@: no status effects
A: carnivore 3
a: Berserk, Trog's Hand, Burn Spellbooks, Renounce Religion


You were on level 2 of the Dungeon.
You worshipped Trog.
Trog was pleased with you.
You were completely stuffed.

You visited 1 branch of the dungeon, and saw 3 of its levels.

You collected 28 gold pieces.

Inventory:

Hand Weapons
 a - a +1 dagger of venom (weapon)
 q - a +0 short sword
Missiles
 i - 22 poisoned needles
Armour
 f - a cursed +0 cloak (worn)
 g - a +0 leather armour (worn)
Scrolls
 e - a scroll of recharging {unknown}
 l - 2 scrolls of amnesia {unknown}
 n - 5 scrolls of identify {unknown}
 p - a scroll of random uselessness {unknown}
 r - a scroll of blinking {unknown}
Potions
 d - a potion of mutation {unknown}
 j - a potion of heal wounds {unknown}
 k - a potion of might {unknown}
 m - a potion of brilliance {unknown}
Comestibles
 b - a beef jerky
 c - 2 meat rations
 h - a royal jelly


   Skills:
 + Level 3.5 Fighting
 + Level 4.2 Short Blades
 + Level 1.6 Throwing
 + Level 2.0 Armour
 + Level 2.9 Dodging


You had 2 spell levels left.
You didn't know any spells.

Dungeon Overview and Level Annotations

Branches:
Dungeon (3/15)

Altars:

Annotations:
D:2 Crazy Yiuf


Innate Abilities, Weirdness & Mutations

You are small and have problems with some larger weapons.
You are carnivorous and can eat meat at any time.


Message History

You hit Crazy Yiuf.
Crazy Yiuf is lightly wounded.
You completely miss Crazy Yiuf.
Crazy Yiuf is lightly wounded.
Crazy Yiuf misses you.
You hit Crazy Yiuf but do no damage.
Crazy Yiuf is poisoned.
Crazy Yiuf is lightly wounded.
Crazy Yiuf says, "Crazy?
Crazy!?
PORCUPINE!"
Crazy Yiuf closely misses you.
You hit Crazy Yiuf but do no damage.
Crazy Yiuf looks as sick as possible!
Crazy Yiuf is moderately wounded.
Crazy Yiuf hits you with a quarterstaff of chaos.
You hit Crazy Yiuf.
Crazy Yiuf is moderately wounded.
You barely miss Crazy Yiuf.
Crazy Yiuf is moderately wounded.
Crazy Yiuf hits you with a quarterstaff of chaos.
* * * LOW HITPOINT WARNING * * *
Crazy Yiuf burns you.
You die...

#.# #.# #.# #.# #.# #.# #####
######.## ....# #.....#
###.## ####.## # #..######
#### ####.### # ##.#.#..##
###..)# #......# #
#.......####.@g..# #..#.#.# #
##.......#..##...# #....#.#
#####.##.P.#.### ####
#....#.# ....#.########
##.###.# ....#..# #......#
....##.# ###########..#####
....##.# #......#.##..###
....##.######......#.##....#
....'............>.#..##.#.##


You could see Crazy Yiuf.

Vanquished Creatures
  An ooze (D:1)
  3 dart slugs
  2 leopard geckos
  2 giant cockroaches
  2 goblins (D:1)
  5 hobgoblins
  A bat (D:1)
  A frilled lizard (D:1)
  3 kobolds
  9 rats
29 creatures vanquished.

Notes
Turn   | Place    | Note
-------+----------+-------------------------------------------
     0 | D:1      | paradoxae the Kobold Berserker began the quest for the Orb.
     0 | D:1      | Reached XP level 1. HP: 14/14 MP: 1/1
   194 | D:1      | Reached XP level 2. HP: 19/19 MP: 2/2
   237 | D:1      | Reached skill level 1 in Throwing
   841 | D:2      | You fall through a shaft!
   851 | D:3      | Reached XP level 3. HP: 23/23 MP: 3/3
  1267 | D:2      | Reached ** piety under Trog
  1372 | D:2      | Found a runed door.
  1781 | D:2      | Noticed Crazy Yiuf
  1790 | D:2      | HP: 1/23 [Crazy Yiuf/quarterstaff of chaos (6)]
  1790 | D:2      | Slain by Crazy Yiuf

Skill      XL: |  1  2  3 |
---------------+----------+-----
Throwing       | 1 |  1.6
Armour         | 2 |  2.0
Fighting       | |  3.5
Short Blades   | |  4.2
Dodging        | |  2.9

Action                   || total
-------------------------++-------
Melee: Short sword       ||    84
       Dagger            ||    24
 Stab: Sleeping          ||     1
  Eat: Chunk             ||    11
Armor: Animal skin       ||     1
       Leather armour    ||    10
Dodge: Dodged            ||    76
